[Event "45th FIDE Womens Olympiad 2024"]
[Site "Budapest"]
[Date "2024.09.12"]
[Round "2.1"]
[White "Dronavalli, Harika"]
[Black "Movsesian, Julia"]
[Result "1-0"]
[ECO "A13"]
[WhiteElo "2502"]
[BlackElo "2198"]
[Annotator "TA"]
[PlyCount "107"]
[EventDate "2024.09.05"]
[EventType "team-tourn"]
[EventCountry "HUN"]
[SourceTitle "playchess.com"]
[Source "ChessBase"]
[SourceQuality "1"]
[WhiteTeam "India"]
[BlackTeam "Czech Republic"]
[WhiteTeamCountry "IND"]
[BlackTeamCountry "CZE"]
[TimeControl "40/5400+30:1800+30"]

1. Nf3 Nf6 2. c4 e6 3. g3 d5 4. Bg2 d4 5. O-O c5 6. e3 Nc6 {[%emt 0:00:37] A13: English Opening: 1...e6.} 7. d3 Bd6 8. Na3 O-O 9. exd4 cxd4 10. Nc2 e5 11. b4 Re8 12. Re1 a6 13. Rb1 h6 14. a4 Bf5 15. c5 (15. Ba3 $5) 15... Bb8 16. Bb2 Qc8 17. Ba1 $146 ({Predecessor:} 17. Re2 Bh3 18. Qe1 Bxg2 19. Kxg2 Rd8 20. h3 Nd7 21. Ra1 f6 22. b5 Ne7 23. Bxd4 axb5 24. axb5 Rxa1 25. Qxa1 {½-½ Kahl,F (2383)-Mauro,L (2234) WC-2018-Q-00012}) 17... a5 (17... Bc7 $11) 18. b5 $14 Nd8 19. Rc1 Bg4 (19... Bh3 $1 $14) 20. Na3 $1 $16 Qf5 21. Nc4 Qh5 (21... Ne6 $16) 22. Ncd2 $2 (22. Nb6 $18 Ra7 23. h3 Bxf3 (23... Bxh3 $2 24. Nxe5 Qxd1 25. Rcxd1 $18) 24. Qxf3 Qxf3 25. Bxf3) 22... Ne6 $14 23. Qb3 Bh3 24. Bxh3 Qxh3 25. Qd1 (25. Bb2 $14) 25... Rc8 26. Nf1 (26. Nxe5 $2 Bxe5 27. Rxe5 Ng4 $17) (26. Nc4 $11 {is superior.} Rxc5 27. Nb6) 26... Qf5 27. Nh4 Qg5 28. Nf3 Qf5 (28... Qg4 $15) 29. Nh4 $11 Qg5 30. Qf3 e4 (30... Rxc5 $2 31. Qxb7 Rxc1 32. Nf3 Rxe1 33. Nxg5 hxg5 34. Qxa8 Rxa1 35. Qxb8+ Nf8 36. Qxe5 Rxa4 37. Nd2 $18 (37. Qxg5 Rb4 $18) (37. b6 N6d7 $18)) (30... Nxc5 $2 31. Rxc5 Rxc5 32. Qxb7 $18) (30... Bd6 $11 31. Nf5 Bxc5 (31... Rxc5 32. h4 $16)) 31. dxe4 $14 Rxc5 32. Rxc5 (32. Bb2 $14) 32... Qxc5 $11 33. e5 Bxe5 34. Qxb7 Rd8 35. Nf5 ({White should play} 35. Qc6 $15 Bd6 36. Nf3) 35... Rb8 $2 {[%emt 0:03:59][%mdl 8192] [#]} (35... Nd7 $17 {Hoping for ...Bf6.} 36. Ne7+ Qxe7 37. Rxe5 Qf8) 36. Qc6 $1 $18 Re8 37. Qxc5 Nxc5 38. f4 (38. Bxd4 Bxd4 39. Rxe8+ Nxe8 $11) (38. Nxd4 Nxa4 39. Nc6 Bxa1 40. Rxa1 Nb6) 38... Bc7 {[%emt 0:00:20] [#]} 39. Rxe8+ $1 (39. Rc1 $6 Bb6 40. Nd6 Rb8 $11) 39... Nxe8 40. Bxd4 Nxa4 41. Ne7+ ({Better is} 41. N1e3 $16) 41... Kf8 $14 42. Nd5 Bb8 43. b6 Nd6 44. Kf2 Nb5 45. Ke3 Bd6 $2 (45... Nxd4 $11 {and Black stays safe.} 46. Kxd4 Nxb6 47. Nxb6 Ba7) 46. Kd3 (46. b7 $18 {Black must now prevent Be5.} Nxd4 47. Kxd4) 46... f6 $2 (46... Nxd4 $16 47. Kxd4 Nc5 (47... Bc5+ $2 48. Kc4 $18)) 47. Nd2 Ke8 $2 (47... Nxd4 $16 {was necessary.} 48. Kxd4 Bc5+ 49. Kc4 Bxb6) 48. Nc4 $18 Kd7 49. b7 ({Weaker is} 49. Nxa5 Ke6 (49... Nxd4 50. Kxd4 Bc5+ 51. Kc4 $19) 50. Nc7+ Nxc7 51. bxc7 Bxc7 $11) 49... Bb8 50. Nxa5 Kd6 51. Nb4 Nxd4 52. Kxd4 Ba7+ 53. Ke4 g6 54. Nac6 1-0

[Event "45th FIDE Womens Olympiad 2024"]
[Site "Budapest"]
[Date "2024.09.12"]
[Round "2.1"]
[White "Aliu, Arlinda"]
[Black "Sele, Timea"]
[Result "1-0"]
[ECO "B13"]
[WhiteElo "1780"]
[BlackElo "1699"]
[Annotator "NA"]
[PlyCount "65"]
[EventDate "2024.09.05"]
[EventType "team-tourn"]
[EventCountry "HUN"]
[SourceTitle "playchess.com"]
[Source "ChessBase"]
[SourceQuality "1"]
[WhiteTeam "Kosovo"]
[BlackTeam "Liechtenstein"]
[WhiteTeamCountry "KOS"]
[BlackTeamCountry "LIE"]
[TimeControl "40/5400+30:1800+30"]

1. d4 d5 2. Bf4 c5 3. e3 Nc6 4. Nc3 cxd4 5. exd4 Bf5 6. Nf3 e6 7. a3 Bd6 8. Bg3 a6 9. Bd3 Bg4 10. Be2 Nge7 11. Ne5 Bf5 12. O-O O-O 13. Bg4 f6 14. Nxc6 bxc6 15. Bxd6 Qxd6 16. Na4 Rab8 17. b4 Qf4 18. Bxf5 Nxf5 19. c3 e5 20. Nc5 Rfe8 21. dxe5 fxe5 22. Nxa6 Rbd8 23. Nc5 Rd6 24. g3 Rg6 25. Qh5 Qg5 26. Qxg5 Rxg5 27. f4 exf4 28. Rxf4 Re3 29. c4 d4 30. Raf1 g6 31. Ne4 Rh5 32. Nf6+ Kg7 33. Nxh5+ 1-0

[Event "45th FIDE Womens Olympiad 2024"]
[Site "Budapest"]
[Date "2024.09.12"]
[Round "2.2"]
[White "Kanakova, Natalie"]
[Black "Divya Deshmukh"]
[Result "0-1"]
[ECO "B15"]
[WhiteElo "2145"]
[BlackElo "2483"]
[Annotator "TA"]
[PlyCount "82"]
[EventDate "2024.09.05"]
[EventType "team-tourn"]
[EventCountry "HUN"]
[SourceTitle "playchess.com"]
[Source "ChessBase"]
[SourceQuality "1"]
[WhiteTeam "Czech Republic"]
[BlackTeam "India"]
[WhiteTeamCountry "CZE"]
[BlackTeamCountry "IND"]
[TimeControl "40/5400+30:1800+30"]

1. e4 c6 2. d4 d5 3. Nc3 dxe4 4. Nxe4 Nf6 5. Nxf6+ exf6 6. Nf3 Bd6 7. Bd3 O-O 8. O-O Bg4 9. c3 Bc7 10. h3 Bh5 11. Bc2 Qd5 {[%emt 0:06:57] The position is equal.} 12. Qd3 Bg6 {[%emt 0:02:37] Active counter play!} 13. Qe2 Nd7 14. Bxg6 hxg6 15. Re1 Rfd8 16. c4 Qh5 17. Be3 Nf8 18. Rac1 Ne6 19. Red1 Rd7 20. Rc3 Rad8 21. Rcd3 Qf5 22. Nh4 $2 {[%emt 0:10:33] Black continues to play with concentration.} (22. g4 $11 Nf4 23. Bxf4 Qxf4 24. Kg2) 22... Qe4 $1 $19 23. Qg4 f5 24. Qxe4 fxe4 25. Rb3 (25. R3d2 $142 Ba5 26. Rc2) 25... Nxd4 26. Bxd4 Rxd4 27. Rxd4 Rxd4 {[%emt 0:00:02][%cal Rd4d1][%mdl 4096] [#] Endgame. KRB-KRN} 28. g3 Rxc4 29. Rxb7 Bb6 30. Re7 Rc1+ 31. Kg2 $2 (31. Kh2) 31... Rc2 {[%emt 0:00:04][%csl LRb2,LRf2] [#] Strongly threatening ...e3.} 32. Re8+ Kh7 33. Rxe4 Rxf2+ 34. Kh1 g5 {[%emt 0:00:03] Inhibits Rf4.} ({Don't play} 34... Rxb2 35. Nf3 f6 (35... Rxa2 36. Ng5+ Kh6 37. Nxf7+ Kh7 38. Ng5+ Kh6 39. Nf7+ Kh7 40. Ng5+ Kh6 41. Nf7+ $11) 36. Rc4) 35. Ng2 Rxb2 36. a4 f5 {[%emt 0:02:44] Black is clearly winning.} 37. Rc4 Rb1+ 38. Kh2 Bg1+ 39. Kh1 Bf2+ 40. Kh2 Rb3 41. g4 Bg3+ {[%emt 0:00:09] Weighted Error Value: White=0.53/Black=0.13 (very precise) .  Loses game:     	White=1     	---        Mistake:       	White=2     	---        Inaccurate:     	White=1     	Black=1      OK:         	White=7     	Black=17     Best:        	White=2     	Black=2} 0-1

[Event "45th FIDE Womens Olympiad 2024"]
[Site "Budapest"]
[Date "2024.09.12"]
[Round "2.3"]
[White "Vantika Agrawal"]
[Black "Rodshtein, Tereza"]
[Result "1-0"]
[ECO "D07"]
[WhiteElo "2370"]
[BlackElo "2149"]
[Annotator "RC"]
[PlyCount "61"]
[EventDate "2024.09.05"]
[EventType "team-tourn"]
[EventCountry "HUN"]
[SourceTitle "playchess.com"]
[Source "ChessBase"]
[SourceQuality "1"]
[WhiteTeam "India"]
[BlackTeam "Czech Republic"]
[WhiteTeamCountry "IND"]
[BlackTeamCountry "CZE"]
[TimeControl "40/5400+30:1800+30"]

1. d4 d5 2. Nf3 Nc6 3. c4 Bg4 4. cxd5 Bxf3 5. gxf3 Qxd5 6. e3 e5 7. Nc3 Bb4 8. Bd2 Bxc3 9. bxc3 Qd6 10. Qb3 O-O-O 11. Rb1 b6 12. Qxf7 Kb8 13. Bc4 exd4 14. cxd4 Nf6 15. O-O Rhe8 16. Bb5 Re5 17. dxe5 Nxe5 18. Bb4 c5 19. Bxc5 Qxc5 20. Qe6 Nxf3+ 21. Kg2 Rd6 22. Qh3 Ng5 23. Qg3 Nfe4 24. Qf4 Nd2 25. Rfd1 Qd5+ 26. f3 Ngxf3 27. e4 Qd4 28. Rbc1 Ne5 29. Ba6 Rd8 30. Rc2 g5 31. Rcxd2 1-0

[Event "45th FIDE Womens Olympiad 2024"]
[Site "Budapest"]
[Date "2024.09.12"]
[Round "2.4"]
[White "Korenova, Martina"]
[Black "Tania, Sachdev"]
[Result "1/2-1/2"]
[ECO "C77"]
[WhiteElo "2104"]
[BlackElo "2386"]
[Annotator "TA"]
[PlyCount "67"]
[EventDate "2024.09.05"]
[EventType "team-tourn"]
[EventCountry "HUN"]
[SourceTitle "playchess.com"]
[Source "ChessBase"]
[SourceQuality "1"]
[WhiteTeam "Czech Republic"]
[BlackTeam "India"]
[WhiteTeamCountry "CZE"]
[BlackTeamCountry "IND"]
[TimeControl "40/5400+30:1800+30"]

1. e4 e5 2. Nf3 Nc6 3. Bb5 a6 4. Ba4 Nf6 5. d3 d6 6. c4 Be7 7. d4 exd4 ({Of course not} 7... Nxe4 $6 8. d5 $16) 8. Nxd4 Bd7 9. Nc3 O-O 10. Nxc6 Bxc6 11. Bxc6 bxc6 12. O-O Nd7 13. Qa4 c5 14. Nd5 Bf6 15. Nxf6+ Nxf6 16. Re1 Re8 17. Bg5 h6 18. Bxf6 Qxf6 19. Re2 Rab8 20. Rae1 Re7 21. b3 Rb6 $1 22. Qa5 Qe5 23. g3 g5 24. Qd2 Qd4 25. Qe3 Qxe3 {[%emt 0:03:21] The position is equal.} 26. Rxe3 $11 {[%emt 0:00:07][%mdl 4096] Endgame. KRR-KRR} f6 27. f4 Kf7 28. Kf2 Rb8 29. e5 dxe5 (29... g4 {keeps more tension.} 30. h3 gxh3 31. exd6 Rxe3 32. dxc7 Rexb3 33. axb3 Rc8) 30. fxe5 Rbe8 31. exf6 Rxe3 32. Rxe3 Rxe3 33. Kxe3 {[%emt 0:00:04] [#] Threatens to win with Ke4.} Kxf6 34. Ke4 {[%emt 0:01:16] Weighted Error Value: White=0.08 (flawless) /Black=0.05 (flawless) .  Inaccurate:     	White=1     	Black=1      OK:         	White=13    	Black=12     Best:        	---       	Black=1      Strong:       	---       	Black=1} 1/2-1/2

[Event "45th FIDE Womens Olympiad 2024"]
[Site "Budapest"]
[Date "2024.09.12"]
[Round "2.5"]
[White "Ortiz Verdezoto, Anahi"]
[Black "Hoang, Thanh Trang"]
[Result "0-1"]
[ECO "D37"]
[WhiteElo "2229"]
[BlackElo "2351"]
[Annotator "TA"]
[PlyCount "56"]
[EventDate "2024.09.05"]
[EventType "team-tourn"]
[EventCountry "HUN"]
[SourceTitle "playchess.com"]
[Source "ChessBase"]
[SourceQuality "1"]
[WhiteTeam "Ecuador"]
[BlackTeam "Hungary"]
[WhiteTeamCountry "ECU"]
[BlackTeamCountry "HUN"]
[TimeControl "40/5400+30:1800+30"]

1. d4 d5 2. c4 e6 3. Nc3 a6 4. cxd5 exd5 5. Nf3 Nf6 6. Bg5 Be6 7. e3 Nbd7 8. Bd3 {[%emt 0:00:11] White is slightly better.} Bd6 9. O-O c6 10. Bf4 Qc7 11. Bxd6 Qxd6 12. Rb1 O-O 13. b4 b5 14. a4 Nb6 15. a5 Nc4 16. h3 h6 17. Re1 Rfe8 18. Re2 Re7 19. Qe1 Rae8 20. Na2 Ne4 21. Nc1 Bf5 22. Rb3 Qf6 {[%emt 0:03:36][%cal Of5h3] Threatening ...Bxh3!} 23. Kh2 (23. Nh2 $11) 23... Bg6 (23... g5 $17 {[%cal Of5h3] White must now prevent ...Bxh3!} 24. Bxe4 Bxe4 (24... Rxe4 25. Nd2 $17)) 24. Bc2 (24. Ra2 $11) 24... Bh5 $17 {[%emt 0:01:52] Black is much more active.} 25. Nd3 $2 {[%emt 0:02:17] [#]} (25. Bxe4 $17 Rxe4 (25... dxe4 26. Nd2 $17) 26. Ng1) 25... Bxf3 $19 {[%emt 0:03:52] Black is clearly winning.} 26. gxf3 Ng5 {[%emt 0:01:34][%cal Be4g5,Bg5f3,Bf3d4][%mdl 32] Excellent horsemanship.} 27. Qd1 Nxf3+ 28. Kg2 {[%emt 0:04:13] [#]} Nxd4 $1 {[%emt 0:00:56][%mdl 512] Weighted Error Value: White=0.43/Black=0.09 (flawless) .  Loses game:     	White=1     	---        Mistake:       	White=2     	Black=1      Inaccurate:     	White=1     	Black=1      OK:         	White=6     	Black=8      Best:        	---       	Black=1} 0-1

[Event "45th FIDE Womens Olympiad 2024"]
[Site "Budapest"]
[Date "2024.09.12"]
[Round "2.5"]
[White "Maly Inthavong"]
[Black "Ghitza, Elena"]
[Result "1-0"]
[ECO "A43"]
[WhiteElo "1633"]
[BlackElo "1817"]
[Annotator "NA"]
[PlyCount "99"]
[EventDate "2024.09.05"]
[EventType "team-tourn"]
[EventCountry "HUN"]
[SourceTitle "playchess.com"]
[Source "ChessBase"]
[SourceQuality "1"]
[WhiteTeam "Laos"]
[BlackTeam "Malta"]
[WhiteTeamCountry "LAO"]
[BlackTeamCountry "MLT"]
[TimeControl "40/5400+30:1800+30"]

1. e4 d6 2. d4 Nf6 3. Nc3 g6 4. Nf3 Bg7 5. h3 O-O 6. Bd3 c5 7. d5 e6 8. Bg5 h6 9. Bh4 a6 10. a4 Nbd7 11. O-O Qc7 12. Qd2 c4 13. Be2 e5 14. Qe3 g5 15. Bg3 Rb8 16. h4 Ng4 17. Qd2 gxh4 18. Nxh4 Ndf6 19. f3 Qc5+ 20. Bf2 Nxf2 21. Rxf2 Nh5 22. Kf1 Kh7 23. Nd1 Bf6 24. Nf5 Bxf5 25. exf5 Ng3+ 26. Kg1 Nxf5 27. b4 cxb3 28. cxb3 Bh4 29. Bd3 Bxf2+ 30. Nxf2 Qc8 31. Rc1 Qd7 32. Ng4 Qd8 33. Qxh6+ Kg8 34. Nf6+ Qxf6 35. Qxf6 Ng7 36. Qh6 f5 37. Rc7 Rf7 38. Rxf7 Kxf7 39. Qxd6 Re8 40. Bc4 Re7 41. Qb6 Ke8 42. Qg6+ Kd8 43. Qf6 Kd7 44. d6 Re8 45. Qxg7+ Kxd6 46. Qxb7 e4 47. Qxa6+ Kc7 48. a5 e3 49. Kf1 f4 50. Qb6+ 1-0

[Event "45th FIDE Womens Olympiad 2024"]
[Site "Budapest"]
[Date "2024.09.12"]
[Round "2.6"]
[White "Terbe, Julianna"]
[Black "Wagenschuetz, Evelyn"]
[Result "1/2-1/2"]
[ECO "D06"]
[WhiteElo "2245"]
[BlackElo "2036"]
[Annotator "ChessBase"]
[PlyCount "121"]
[EventDate "2024.09.05"]
[EventType "team-tourn"]
[EventCountry "HUN"]
[SourceTitle "playchess.com"]
[Source "ChessBase"]
[SourceQuality "1"]
[WhiteTeam "Hungary"]
[BlackTeam "Ecuador"]
[WhiteTeamCountry "HUN"]
[BlackTeamCountry "ECU"]
[TimeControl "40/5400+30:1800+30"]

1. d4 Nf6 2. c4 d5 3. cxd5 Nxd5 4. e4 Nf6 5. Nc3 e6 6. Nf3 Bb4 7. Bd3 h6 8. O-O c5 9. e5 Nd5 10. Ne4 cxd4 11. Nxd4 Nd7 12. Qg4 Nxe5 13. Qxg7 Ng6 14. Nd6+ Bxd6 15. Bxg6 Rf8 16. Re1 Qf6 17. Qxf6 Nxf6 18. Bd3 Bd7 19. g3 Bb4 20. Rd1 h5 21. Nb5 Nd5 22. a3 Bc5 23. b4 Be7 24. Bb2 a6 25. Nc3 Bc6 26. Nxd5 Bxd5 27. Be5 Rc8 28. h4 Bf3 29. Re1 Rg8 30. Re3 Bd5 31. Kh2 f6 32. Bb2 Kf7 33. Rc1 Rc6 34. Rxc6 Bxc6 35. Be2 Rh8 36. f4 Bd5 37. Rc3 Bd6 38. Rc2 Ke7 39. Rd2 Rh7 40. Bd4 Rh8 41. Kg1 Rh7 42. Kf2 Rh8 43. Bb6 Rh7 44. Rc2 Kd7 45. Bc5 Rh8 46. Bd4 Ke7 47. Rd2 Rh7 48. Rd3 Rh8 49. Re3 Rh7 50. Ke1 Rh8 51. Kd2 Kf7 52. Bb6 Kg6 53. Bd3+ Kf7 54. Bc2 Rc8 55. Ba4 Rg8 56. Ke1 Rc8 57. Bd1 Kg6 58. Kd2 Rc6 59. Bd4 Rc4 60. Bc2+ Kf7 61. Bb6 1/2-1/2

[Event "45th FIDE Womens Olympiad 2024"]
[Site "Budapest"]
[Date "2024.09.12"]
[Round "2.7"]
[White "Vasquez Ramirez, Rocio"]
[Black "Papp, Petra"]
[Result "0-1"]
[ECO "B12"]
[WhiteElo "1981"]
[BlackElo "2259"]
[Annotator "ChessBase"]
[PlyCount "108"]
[EventDate "2024.09.05"]
[EventType "team-tourn"]
[EventCountry "HUN"]
[SourceTitle "playchess.com"]
[Source "ChessBase"]
[SourceQuality "1"]
[WhiteTeam "Ecuador"]
[BlackTeam "Hungary"]
[WhiteTeamCountry "ECU"]
[BlackTeamCountry "HUN"]
[TimeControl "40/5400+30:1800+30"]

1. e4 c6 2. d4 d5 3. e5 Bf5 4. Nf3 e6 5. h3 c5 6. c3 Nc6 7. Bd3 Bxd3 8. Qxd3 Rc8 9. O-O cxd4 10. cxd4 Nb4 11. Qb5+ Qd7 12. Nc3 Qxb5 13. Nxb5 a6 14. Nc3 Ne7 15. a3 Nbc6 16. Na4 b5 17. Nc3 Na5 18. g4 h6 19. Kg2 Kd7 20. Ne2 Ng6 21. b4 Rc2 22. bxa5 Rxe2 23. Be3 Rc2 24. Rfc1 Rxc1 25. Bxc1 Be7 26. Bd2 Rc8 27. a4 bxa4 28. Rxa4 Rc4 29. Ra2 Bd8 30. Be3 Ne7 31. Ne1 Nc6 32. Nd3 Be7 33. Rb2 Nb4 34. Nc1 Rc2 35. Rb1 Kc6 36. Nb3 Nd3 37. Na1 Rb2 38. Rd1 Nb4 39. Rc1+ Kd7 40. Rc3 Ra2 41. Nb3 Rc2 42. Rxc2 Nxc2 43. Kf3 Kc6 44. Ke2 Kb5 45. Kd3 Nb4+ 46. Kc3 Nc6 47. f4 Nxa5 48. Nxa5 Kxa5 49. f5 Bf8 50. h4 g6 51. f6 h5 52. gxh5 gxh5 53. Kb3 Kb5 54. Bc1 Bb4 0-1

[Event "45th FIDE Womens Olympiad 2024"]
[Site "Budapest"]
[Date "2024.09.12"]
[Round "2.8"]
[White "Lazarne Vajda, Szidonia"]
[Black "Miranda Vargas, Analia Karen"]
[Result "1-0"]
[ECO "A45"]
[WhiteElo "2283"]
[BlackElo "1891"]
[Annotator "ChessBase"]
[PlyCount "85"]
[EventDate "2024.09.05"]
[EventType "team-tourn"]
[EventCountry "HUN"]
[SourceTitle "playchess.com"]
[Source "ChessBase"]
[SourceQuality "1"]
[WhiteTeam "Hungary"]
[BlackTeam "Ecuador"]
[WhiteTeamCountry "HUN"]
[BlackTeamCountry "ECU"]
[TimeControl "40/5400+30:1800+30"]

1. d4 Nf6 2. Bf4 c5 3. d5 d6 4. c4 b5 5. cxb5 a6 6. bxa6 Qb6 7. Bc1 Bxa6 8. Nc3 Nbd7 9. Nf3 g6 10. e4 Bxf1 11. Kxf1 Bg7 12. g3 O-O 13. Kg2 Qb4 14. Qc2 Rfb8 15. Re1 Ng4 16. Re2 Qc4 17. Nd1 Nge5 18. Nxe5 Qxc2 19. Rxc2 Nxe5 20. Bd2 Nd3 21. a4 Nxb2 22. Nxb2 Bxb2 23. Rb1 Bd4 24. Rxb8+ Rxb8 25. a5 Kf8 26. Ra2 Ke8 27. a6 Kd7 28. Ba5 c4 29. Ra4 Rb5 30. Bd2 Ba7 31. Rxc4 e6 32. Rb4 Rb6 33. Rxb6 Bxb6 34. Kf3 Kc7 35. Bb4 Bd4 36. Ke2 Bb6 37. f3 Bd4 38. Kd3 Bg1 39. h3 Bf2 40. g4 Bb6 41. Kc4 Be3 42. Kb5 Bf4 43. Ba5+ 1-0

[Event "45th FIDE Womens Olympiad 2024"]
[Site "Budapest"]
[Date "2024.09.12"]
[Round "2.9"]
[White "Zherebtsova, Alexandra"]
[Black "Dzagnidze, Nana"]
[Result "0-1"]
[ECO "E20"]
[WhiteElo "2239"]
[BlackElo "2508"]
[Annotator "TA"]
[PlyCount "113"]
[EventDate "2024.09.05"]
[EventType "team-tourn"]
[EventCountry "HUN"]
[SourceTitle "playchess.com"]
[Source "ChessBase"]
[SourceQuality "1"]
[WhiteTeam "Montenegro"]
[BlackTeam "Georgia"]
[WhiteTeamCountry "MNE"]
[BlackTeamCountry "GEO"]
[TimeControl "40/5400+30:1800+30"]

1. d4 Nf6 2. c4 e6 3. Nc3 Bb4 4. f3 c5 5. d5 d6 6. e4 b5 {[%emt 0:00:09] E20: Nimzo-Indian: 4 g3 and 4 f3.} 7. Nge2 bxc4 8. Nf4 e5 9. Nfe2 Nbd7 10. Ng3 Nb6 11. Be2 Ng8 12. f4 exf4 13. Bxf4 Ne7 14. O-O Bxc3 15. bxc3 O-O 16. Bg5 $146 ({Predecessor:} 16. a4 Ng6 17. Qd2 a5 18. h4 Ra6 19. h5 Nxf4 20. Qxf4 h6 21. Bg4 Bd7 22. Rab1 Bxg4 23. Qxg4 {0-1 Martins,D (2412)-Ter Sahakyan,S (2616) POR-chT Soure 2024 (7.6)}) 16... f6 17. Be3 Ng6 18. Qe1 Qe7 19. a4 a5 20. Qb1 Rb8 21. Qa2 Bd7 22. Bxc4 (22. Bd1 $17) 22... f5 $1 $19 (22... Bxa4 23. Ba6 $17) 23. Bd2 (23. Rae1 {is a better defense.} f4 (23... Bxa4 24. Nxf5 Qxe4 25. Nxd6 $14) (23... fxe4 24. Rxf8+ Rxf8 25. Bb3 $15) (23... Nxc4 $2 24. Qxc4 f4 25. Nf5 $19) 24. Nf5 Bxf5 (24... Qxe4 $2 25. Nxd6 Qe5 26. Bxc5 $18) 25. exf5 fxe3 (25... Rxf5 26. Bxf4 Qf6 27. Bg3 $14) 26. fxg6) 23... Nxc4 (23... Bxa4 24. Nxf5 (24. Rxf5 Nxc4 25. Qxc4 Bb5 $11) 24... Qxe4 25. Nxd6 $11) (23... fxe4 24. Rfe1 $17) 24. Qxc4 {[%emt 0:00:06] [#]} f4 $1 25. Nf5 Bxf5 26. exf5 Rxf5 27. Rae1 {[%emt 0:00:58] [#]} Qf7 $1 28. Re6 (28. Qe4 $142) 28... f3 (28... Ne5 $19 29. Qe4 f3) 29. g4 (29. Qe4 $17) 29... f2+ 30. Kg2 Rf3 31. Bg5 (31. h3 $17) 31... Rf8 $19 32. Qe4 $2 (32. Qe2) 32... Rxc3 $19 33. Rxd6 Rc4 34. Qf5 Qxf5 (34... Rxa4 $2 35. Qxf7+ Rxf7 36. Rd8+ Rf8 37. Rxf8+ Kxf8 (37... Nxf8 38. h3 $17) 38. Rxf2+ Ke8 39. Kg3 $19) 35. gxf5 Rg4+ (35... Rxf5 36. Rd8+ Rf8 37. Rxf8+ Kxf8 (37... Nxf8 38. Be3 $17) 38. Rxf2+ Ke8 39. Be3 $19) 36. Kh1 Ne5 (36... Rxf5 37. Rd8+ Rf8 38. Rxf8+ Nxf8 39. Be3 $17) 37. Be3 Nc4 (37... Rxa4 38. Re6 Nd3 (38... Rxf5 $2 39. d6 $19) 39. d6 $19) 38. Re6 Nxe3 (38... Rxf5 39. Bxc5 h5 (39... Rxd5 40. Re8+ Kf7 41. Re7+ Kf6 42. Rxf2+ Kg6 43. h3 $15) 40. Bxf2 $17) 39. Rxe3 Rxf5 (39... Rxa4 40. Rxf2 Rd4 41. Re5 $19) 40. Re8+ (40. d6 {was necessary.} Rfg5 (40... Rxa4 $2 41. d7 $18) 41. Rg3 Rxg3 42. hxg3) 40... Kf7 $19 41. Rc8 Rxd5 42. Rxf2+ Kg6 43. Rc6+ Kh5 44. h3 Rxa4 45. Rc2 Ra3 46. Kg2 (46. Rc7 $142 Kh6 (46... Rxh3+ 47. Kg2 $17) 47. Kg2) 46... Kh4 $19 47. R6xc5 Rxc5 48. Rxc5 Ra2+ (48... Rxh3 $2 {is the wrong capture.} 49. Rc4+ (49. Rxa5 $2 {too greedy.} Rg3+ 50. Kf2 g5 $19) 49... Kh5 50. Kxh3 $18) 49. Kf3 g5 ({And not} 49... Kxh3 50. Rh5#) 50. Ke4 Ra4+ 51. Ke3 Ra3+ 52. Ke4 Rxh3 53. Rxa5 Kg4 54. Ra1 h5 55. Ra2 h4 56. Ra1 Rg3 57. Kd4 0-1

[Event "45th FIDE Womens Olympiad 2024"]
[Site "Budapest"]
[Date "2024.09.12"]
[Round "2.10"]
[White "Batsiashvili, Nino"]
[Black "Skvortsova, Alena"]
[Result "1-0"]
[ECO "D10"]
[WhiteElo "2461"]
[BlackElo "2179"]
[Annotator "TA"]
[PlyCount "69"]
[EventDate "2024.09.05"]
[EventType "team-tourn"]
[EventCountry "HUN"]
[SourceTitle "playchess.com"]
[Source "ChessBase"]
[SourceQuality "1"]
[WhiteTeam "Georgia"]
[BlackTeam "Montenegro"]
[WhiteTeamCountry "GEO"]
[BlackTeamCountry "MNE"]
[TimeControl "40/5400+30:1800+30"]

1. d4 d5 2. c4 c6 3. cxd5 cxd5 4. Bf4 Nc6 5. e3 Nf6 6. Bd3 e6 7. Nc3 a6 8. Rc1 Qb6 9. Nge2 Bd7 10. O-O Rc8 {[%emt 0:04:02] White has an edge.} 11. Na4 Qa7 12. a3 {[%emt 0:04:23] White is more active.} Be7 13. Nc5 Nh5 14. Nxd7 Kxd7 15. Be5 f6 16. Nc3 $2 {[%emt 0:05:53] [#]} (16. Bf4 $16) 16... g6 (16... fxe5 $15 17. Qxh5 exd4 18. exd4 (18. Nxd5 exd5 19. Bf5+ Kc7 $19) 18... Qxd4) 17. Bg3 $16 Nxg3 18. hxg3 Ke8 19. Na4 (19. g4 $16) 19... Kf7 $11 20. Rc3 b5 21. Qc2 Qb7 22. Nc5 Bxc5 23. Rxc5 Na5 24. Rc1 Nc4 25. e4 Rxc5 26. dxc5 dxe4 (26... Ne5 $142) 27. Bxc4 $16 bxc4 28. Qxc4 Qxb2 $14 {[%emt 0:02:01][%mdl 4096] Endgame. KQR-KQR} (28... Qb5 {might work better.} 29. Qxe4 Qxb2) 29. Rd1 $18 Re8 (29... Qb5 $2 30. Qxb5 (30. Qxe4 Re8 $16) 30... axb5 31. Rd7+ Ke8 32. Rb7 $18) 30. c6 (30. Qxa6 e3 31. fxe3 Qc3 $11) (30. Qxe4 $6 Qc3) 30... e3 $2 {[%emt 0:00:31] [#]} (30... Qb8 31. c7 (31. Qxa6 Re7 $16) 31... Qc8) 31. fxe3 (31. c7 $142 {Rd7+ would kill now.} exf2+ 32. Kf1) 31... Qe5 $2 (31... Qb8 32. c7 (32. Qxa6 Qxg3 33. Qa7+ Re7 $16) 32... Qc8) 32. Rd7+ (32. Qxa6 Qxe3+ 33. Kh2 Re7 $16 (33... Qh6+ 34. Kg1 $11)) 32... Kg8 33. c7 {[%emt 0:02:56] White mates.} ({Stronger than} 33. Qxa6 Qxe3+ 34. Kh2 Qh6+ 35. Kg1 Qc1+ 36. Kh2 (36. Kf2 Rb8 $11) 36... Qh6+ 37. Kg1 Qc1+ 38. Kh2 (38. Kf2 Qc2+ 39. Kg1 Qc1+ $11) 38... Qh6+ $11) 33... Qxe3+ 34. Kh2 Qh6+ 35. Qh4 {[%emt 0:00:20] Weighted Error Value: White=0.40/Black=0.56.  Mistake:       	White=3     	Black=5      Inaccurate:     	---       	Black=2      OK:         	White=7     	Black=7      Best:        	White=3     	Black=1} 1-0